 Dungeon Crawl Stone Soup version 0.32-a0-791-gfc315c9ecd (webtiles) character file.

Game seed: 9450922494854196741

92 ezpacito the Chopper (level 4, 0/35 HPs)
             Began as a Coglin Chaos Knight on Mar 20, 2024.
             Was a Plaything of Xom.
             Slain by a gnoll
             ... wielding a +0 halberd
              (8 damage)
             ... on level 3 of the Dungeon.
             The game lasted 00:02:03 (1346 turns).

ezpacito the Chopper (Coglin Chaos Knight)          Turns: 1346, Time: 00:02:04

Health: 0/35       AC:  5    Str: 15    XL:     4   Next: 60%
Magic:  4/4        EV: 10    Int: 11    God:    Xom [..*...]
Gold:   99         SH:  0    Dex: 13    Spells: 0/4 levels left

rFire   . . .        a - +0 hand axe (chaos) {Ming}
rCold   . . .        j - staff of earth {Kaya}
rNeg    . . .        b - +2 leather armour
rPois   .            (no helmet)
rElec   .            (no cloak)
rCorr   .            (no gloves)
SInv    .            (no boots)
Will    .....        (amulet unavailable)
Stlth   +            (ring unavailable)
HPRegen 0.25/turn    (ring unavailable)
MPRegen 0.09/turn    (no gizmo)

%: no passive effects
@: attractive, revving
A: off-hand wielding, slow wielding, warmup strikes, no jewellery
a: Invent Gizmo, Renounce Religion


You were on level 3 of the Dungeon.
You worshipped Xom.
You were a toy of Xom.
You visited 1 branch of the dungeon, and saw 3 of its levels.

You collected 99 gold pieces.

Inventory:

Hand Weapons
 a - a +0 hand axe of chaos (weapon) {Ming}
 m - a +0 spear
Missiles
 l - 14 boomerangs (quivered)
Armour
 b - a +2 leather armour (worn)
Magical Staves
 j - a staff of earth (offhand) {Kaya}
Wands
 d - a wand of charming (10)
 p - a wand of warping (5)
Scrolls
 c - a scroll of butterflies
 g - 2 scrolls of identify {unknown}
 i - 2 scrolls of revelation {unknown}
 k - a scroll of vulnerability {unknown}
 n - a scroll of teleportation {unknown}
Potions
 e - 2 potions of curing {unknown}
 f - a potion of lignification {unknown}
 h - 2 potions of attraction
 o - 2 potions of cancellation {unknown}


   Skills:
 * Level 3.3 Fighting
 * Level 3.4(3.5) Axes
 + Level 0.8(2.1) Polearms
 * Level 2.2 Armour
 * Level 1.7 Dodging
 + Level 0.6 Stealth
 + Level 0.6 Spellcasting
 + Level 0.0 Alchemy
 + Level 1.2 Evocations


You couldn't memorise any spells.
You knew the following spells:

 Your Spells              Type           Power      Damage    Failure   Level
a - Fulminant Prism       Conj/Alch      0%         3d5       99%         4

Your spell library contained the following spells:

 Spells                   Type           Power      Damage    Failure   Level
 Magic Dart               Conj           0%         1d3       38%         1
 Blink                    Tloc           0%         N/A       54%         2
 Call Imp                 Summ           0%         N/A       54%         2
 Searing Ray              Conj           0%         2d4       54%         2
 Summon Ice Beast         Ice/Summ       0%         N/A       77%         3
 Summon Mana Viper        Hex/Summ       0%         N/A       100%        5
 Haunt                    Necr/Summ      0%         N/A       100%        7
 Monstrous Menagerie      Summ           0%         N/A       100%        7
 Borgnjor's Revivificati  Necr           0%         N/A       100%        8
 Death's Door             Necr           0%         N/A       100%        9


Dungeon Overview and Level Annotations

Branches:
Dungeon (3/15)

Altars:


Innate Abilities, Weirdness & Mutations

You can wield a second weapon in your off-hand.
It takes a long time for you to wield or remove held weapons.
Your first few attacks do less damage.
You cannot equip rings or amulets.


Message History

The gnoll closely misses you. The endoplasm closely misses you.
The dart slug completely misses you. The kobold hits you but does no damage.
The endoplasm hits you. The gnoll barely misses you.
The dart slug closely misses you.
You closely miss the gnoll with your +0 hand axe of chaos.
The gnoll is moderately wounded.
You hit the kobold but do no damage. You hit the dart slug but do no damage.
You hit the endoplasm with your +0 hand axe of chaos.
The endoplasm convulses.
You hit the gnoll with your staff of earth.
The kobold hits you with a +0 short sword.
The endoplasm hits you but does no damage.
The gnoll hits you with a +0 halberd.
The dart slug bites you but does no damage.
You take 6 damage, and have 19/35 hp.
You hit the gnoll but do no damage.
The gnoll is heavily wounded.
You hit the gnoll with your +0 hand axe of chaos.
You freeze the gnoll.
You hit the endoplasm with your +0 hand axe of chaos.
The endoplasm seems to speed up.
Xom is amused.
You hit the kobold with your +0 hand axe of chaos.
You freeze the kobold.
You hit the dart slug with your +0 hand axe of chaos.
The dart slug looks weaker.
The endoplasm barely misses you. The kobold hits you but does no damage.
The gnoll hits you with a +0 halberd!
* * * LOW HITPOINT WARNING * * *
The endoplasm barely misses you.
You take 9 damage, and have 10/35 hp.
MASSIVE DAMAGE!!
It was a potion of attraction.
You feel attractive to monsters.
Xom is highly amused!
The kobold closely misses you.
A quokka comes into view.
The endoplasm hits you.
* * * LOW HITPOINT WARNING * * *
The gnoll hits you with a +0 halberd!
You die...

#########
....#.....##
............######
..................
.........$........
..................
............)....>
...............#
.......w@g.....#
........JK.....#
.r...#.<.......#
...# #...<.....#
.. ...........#
#............#
#.##...#####.# .[
..#.. .. ...
.###..


You could see a gnoll, a dart slug (weak), an endoplasm (fast), a quokka
(wandering) and a kobold.

Vanquished Creatures
  6 gnolls
  A dart slug (D:1)
  A ribbon worm (D:1)
  2 bats
  2 endoplasms (D:1)
  A giant cockroach (D:1)
  4 goblins
  3 hobgoblins (D:1)
  2 quokkas
  A ball python (D:2)
  4 frilled lizards
  4 kobolds
  4 rats
35 creatures vanquished.

Notes
Turn   | Place    | Note
-------+----------+-------------------------------------------
     0 | D:1      | ezpacito the Coglin Chaos Knight began the quest for the
                  | Orb.
     0 | D:1      | Reached XP level 1. HP: 18/18 MP: 1/1
    22 | D:1      | Reached skill level 1 in Dodging
    49 | D:1      | XOM: silly message
   255 | D:1      | Reached XP level 2. HP: 24/24 MP: 2/2
   577 | D:1      | Reached XP level 3. HP: 18/29 MP: 3/3
   625 | D:1      | XOM: potion effect (brilliance)
   706 | D:1      | Reached skill level 1 in Evocations
   817 | D:2      | Reached XP level 4. HP: 35/35 MP: 4/4
   822 | D:2      | XOM: cloud trail
   846 | D:2      | XOM: silly message
   872 | D:2      | Learned a level 4 spell: Fulminant Prism
  1217 | D:2      | XOM: divination: magic mapping
  1231 | D:3      | XOM: butterfly on damage
  1346 | D:3      | Slain by a gnoll

Illustrated notes

Levels and vault maps discovered:
D:1:      doesnt_arrival_eight_statues, layout_rooms, supply_closet_lemuel,
          corner_web_ring, serial_bayou_pond_e
D:2:      layout_rooms
D:3:      layout_rooms, nicolae_tso_swordbearing_angel, amcnicky_altar_gilded,
          portal_sewer_entry_e, uniq_natasha

Skill      XL: |  1  2  3 |
---------------+----------+-----
Dodging        | 1 |  1.7
Armour         | 2 |  2.2
Evocations     | 1 |  1.2
Fighting       | |  3.3
Axes           | |  3.4
Polearms       | |  0.8
Stealth        | |  0.6
Spellcasting   | |  0.6

Action                     |  1- 3 |  4- 6 || total
---------------------------+-------+-------++-------
  Melee: Hand axe          |    46 |    35 ||    81
         Dagger            |    12 |       ||    12
         Staff             |    35 |    32 ||    67
    Use: Potion            |       |     1 ||     1
 Armour: Leather armour    |    43 |    34 ||    77
  Dodge: Dodged            |    33 |    31 ||    64

Table legend: (Time is in decaauts)
 A = Elapsed time spent in this place.
 B = Non-inter-level travel time spent in this place.
 C = Inter-level travel time spent in this place.
 D = Time resting spent in this place.
 E = Time spent auto-exploring this place.
 F = Levels seen in this place.
 G = Mean time per level.
                   A        B        C        D        E       F      G
               +--------+--------+--------+--------+--------+-----+--------+
         Total |   1364 |   1247 |    117 |    283 |    708 |   3 |  454.7 |
       Dungeon |   1364 |   1247 |    117 |    283 |    708 |   3 |  454.7 |
               +--------+--------+--------+--------+--------+-----+--------+

Top non-repeatable levels by time:
     D:1: 795 daAuts
     D:2: 548 daAuts
     D:3: 19 daAuts
